 Dungeon Crawl Stone Soup version 0.21.0-30-g47ce8e4 (webtiles) character file.

788 Mirai the Digger (level 7, -4/36 HPs)
             Began as a Gargoyle Earth Elementalist on Jan 28, 2018.
             Was an Initiate of Vehumet.
             Killed by divine providence
             ... invoked by an orc priest
              (15 damage)
             ... on level 6 of the Dungeon.
             The game lasted 00:36:15 (4535 turns).

Mirai the Digger (Gargoyle Earth Elementalist)      Turns: 4535, Time: 00:36:16

Health: -4/36      AC: 14    Str: 12    XL:     7   Next: 87%
Magic:  3/15       EV: 12    Int: 17    God:    Vehumet [......]
Gold:   150        SH:  0    Dex: 15    Spells: 2/17 levels left

rFire    . . .     SeeInvis .   h - +1 long sword (holy)
rCold    . . .     Gourm    .   (no shield)
rNeg     + . .     Faith    .   a - +2 leather armour
rPois    ∞         Spirit   .   L - +0 helmet
rElec    +         Reflect  .   O - +1 cloak
rCorr    .         Harm     +   y - +0 pair of gloves
MR       .....                  (no boots)
Stlth    +.........             B - amulet of harm
HPRegen  0.12/turn              G - +5 ring of dexterity
MPRegen  0.14/turn              q - ring of loudness (curse)

@: very slightly contaminated
A: negative energy resistance 1, electricity resistance, unbreathing,
petrification resistance, rot immunity, AC +4
a: Renounce Religion


You were on level 6 of the Dungeon.
You worshipped Vehumet.
Vehumet was noncommittal.
You were not hungry.

You visited 1 branch of the dungeon, and saw 6 of its levels.

You collected 299 gold pieces.
You spent 149 gold pieces at shops.

Inventory:

Hand Weapons
 b - a +0 dagger
 h - a +1 long sword of holy wrath (weapon)
 i - a +0 spear
 j - a +0 short sword
 l - a +0 dagger
 o - a +0 spear
 p - a +0 shortbow
Missiles
 c - 60 stones
 m - 8 javelins
 r - 44 bolts
 u - 22 sling bullets
 E - 47 arrows
 W - 4 tomahawks (quivered)
Armour
 a - a +2 leather armour (worn)
 k - a +0 robe
 y - a +0 pair of gloves (worn)
 L - a +0 helmet (worn)
 O - a +1 cloak (worn)
Jewellery
 q - a cursed ring of loudness (right hand)
 B - an amulet of harm (around neck)
 G - a +5 ring of dexterity (left hand)
Scrolls
 g - a scroll of remove curse
 t - a scroll of enchant armour
 v - a scroll of immolation
 A - a scroll of fog
 C - 3 scrolls of identify
Potions
 f - a potion of mutation
 s - a potion of haste
 P - a potion of curing
Books
 e - a book of Geomancy

   Spells                             Type                      Level
   a - Sandblast                      Earth                        1
   b - Passwall                       Transmutation/Earth          2
   c - Stone Arrow                    Conjuration/Earth            3
   d - Petrify                        Transmutation/Earth          4
   e - Lee's Rapid Deconstruction     Earth                        5
Comestibles
 d - 9 rations
 n - 6 chunks of flesh


   Skills:
 + Level 0.1 Fighting
 + Level 0.2 Long Blades
 + Level 1.1 Armour
 + Level 1.6 Dodging
 + Level 2.3 Stealth
 + Level 5.7 Spellcasting
 + Level 0.6 Conjurations
 + Level 0.8 Transmutations
 + Level 7.8 Earth Magic


You had 2 spell levels left.
You knew the following spells:

 Your Spells              Type           Power        Failure   Level  Hunger
a - Sandblast             Erth           ####..       1%          1    None
b - Stone Arrow           Conj/Erth      ###...       9%          3    ##.....
c - Petrify               Tmut/Erth      ###.....     28%         4    ####...
d - Lee's Rapid Deconstr  Erth           ####......   19%         5    ######.
e - Passwall              Tmut/Erth      ###.......   4%          2    #......


Dungeon Overview and Level Annotations

Branches:
Dungeon (6/15)
 Temple: D:4-7

Altars:
Ashenzari
Vehumet
Yredelemnul

Shops:
D:4 (


Innate Abilities, Weirdness & Mutations

You are resistant to torment.
Your stone body is resilient. (AC +4)
You are immune to poison.
You resist negative energy. (rN+)
You are resistant to electric shocks. (rElec)
You can survive without breathing.
You are immune to petrification.
You are immune to rotting.


Message History

Confirm with . or Enter, or press ? or * to list all spells.
You don't have enough magic to cast that spell.
An orc priest is nearby!
The orc priest is no longer petrified.
The orc priest mumbles some strange prayers to Beogh against you.
Beogh smites you!
Casting: Petrify
Confirm with . or Enter, or press ? or * to list all spells.
Aiming: Stone Arrow
Press: ? - help, Shift-Dir - straight line, f/p - orc priest
Aim: an orc priest, wielding a dagger and wearing a ring mail You miscast Stone Arrow.
You are very lightly contaminated with residual magic.
Motes of dust swirl before your eyes.
A sky beast appears from thin air!
Reactivating autopickup.
Some of the chunks of flesh in your inventory have rotted away.
The orc priest mumbles some strange prayers to Beogh against you.
Beogh smites you!
You die...

#..........#
#..........#
#..........#
#..........#
#.....######
#.....#
#.....#
#.....#
#...@.#
.....#.....#
....#.....#
#...#.....#
####.o.#.....#
.......#.oo..#
.....o.#.....#
......o#o....#
.....o.o.....#


You could see an orc priest, an orc wizard and an orc.

Vanquished Creatures
  Grinder (D:2)
  The ghost of Nanban the Ducker, an amateur DEGl (D:4)
  2 ogres (D:6)
  A centaur (D:6)
  A worker ant (D:4)
  Natasha (D:2)
  A hound zombie (D:6)
  Robin (D:3)
  8 adders
  A gnoll (D:1)
  2 oozes (D:1)
  A worm (D:3)
  3 leopard geckos
  7 orcs
  4 giant cockroaches
  9 goblins
  7 hobgoblins
  2 jackals (D:1)
  2 ball pythons
  8 bats
  2 frilled lizards (D:2)
  10 kobolds
  14 rats
89 creatures vanquished.

Notes
Turn   | Place    | Note
-------+----------+-------------------------------------------
     0 | D:1      | Mirai the Gargoyle Earth Elementalist began the quest for the Orb.
     0 | D:1      | Reached XP level 1. HP: 10/10 MP: 3/3
    91 | D:1      | Reached XP level 2. HP: 10/15 MP: 0/5
   169 | D:1      | Reached skill level 4 in Earth Magic
   548 | D:1      | Reached XP level 3. HP: 18/19 MP: 0/7
   581 | D:1      | Learned a level 3 spell: Stone Arrow
  1143 | D:2      | Reached XP level 4. HP: 24/24 MP: 3/8
  1149 | D:2      | Learned a level 4 spell: Petrify
  1243 | D:2      | Reached skill level 5 in Earth Magic
  1277 | D:2      | Noticed Natasha
  1283 | D:2      | Killed Natasha
  1816 | D:2      | Reached XP level 5. HP: 23/28 MP: 7/10
  1979 | D:3      | Noticed Robin
  1985 | D:3      | Killed Robin
  2157 | D:3      | Found a shattered altar of Ashenzari.
  2419 | D:3      | Noticed Grinder
  2420 | D:3      | Paralysed by Grinder for 4 turns
  2973 | D:2      | Paralysed by Grinder for 2 turns
  2979 | D:2      | Paralysed by Grinder for 6 turns
  2992 | D:2      | Paralysed by Grinder for 4 turns
  3000 | D:2      | Paralysed by Grinder for 4 turns
  3012 | D:2      | Killed Grinder
  3012 | D:2      | Reached skill level 6 in Earth Magic
  3012 | D:2      | Reached XP level 6. HP: 9/32 MP: 1/13
  3446 | D:4      | Noticed Nanban's ghost (amateur DEGl)
  3461 | D:4      | Killed Nanban's ghost
  3461 | D:4      | Reached skill level 5 in Spellcasting
  3461 | D:4      | Reached skill level 7 in Earth Magic
  3461 | D:4      | Reached XP level 7. HP: 34/36 MP: 2/14
  3538 | D:4      | Learned a level 5 spell: Lee's Rapid Deconstruction
  3541 | D:4      | Learned a level 2 spell: Passwall
  3593 | D:4      | Found Ruyxoygg's Antique Weapon Boutique.
  3640 | D:4      | Bought a runed long sword for 149 gold pieces
  3872 | D:4      | Found a basalt altar of Yredelemnul.
  3926 | D:4      | Found a radiant altar of Vehumet.
  3940 | D:4      | Became a worshipper of Vehumet
  4173 | D:5      | Entered Level 5 of the Dungeon
  4176 | D:5      | You fall through a shaft!
  4484 | D:6      | Reached skill level 1 in Armour
  4535 | D:6      | Killed from afar by an orc priest

Skill      XL: |  1  2  3  4  5  6  7 |
---------------+----------------------+-----
Earth Magic    | 4 5 6 7 |  7.8
Spellcasting   | 3 4 5 |  5.7
Armour         | 1 |  1.1
Fighting       | |  0.1
Long Blades    | |  0.2
Dodging        | |  1.6
Stealth        | |  2.3
Conjurations   | |  0.6
Transmutations | |  0.8

Action                   |  1- 3 |  4- 6 |  7- 9 || total
-------------------------+-------+-------+-------++-------
Melee: Unarmed           |     1 |       |       ||     1
       Dagger            |     7 |    37 |     1 ||    45
       Halberd           |     6 |       |       ||     6
       Long sword        |       |       |     4 ||     4
Throw: Tomahawk          |       |     1 |       ||     1
 Cast: Sandblast         |    52 |    69 |    11 ||   132
       Stone Arrow       |       |    16 |     3 ||    19
       Petrify           |       |       |     3 ||     3
       Lee's Rapid Decon |       |       |     2 ||     2
  Use: Scroll            |     5 |     8 |     2 ||    15
       Potion            |       |     2 |     1 ||     3
  Eat: Chunk             |     1 |     5 |     5 ||    11
       Ration            |       |     1 |       ||     1
Armor: Leather armour    |    21 |    31 |     5 ||    57
       Skin              |    16 |       |       ||    16
Dodge: Dodged            |    43 |    37 |     8 ||    88
       Rpst.: Long sword |       |       |     3 ||     3
